AoeStats
← [GDL] Maldito Pantoja

Pilgrims

508704520Analyzed
4v4 RM · 9d ago on Sep 23, 2026· 14m 41s· 8 players
Game mode
Random Map
Map size
Large (8 player)
Population
200
Speed
Normal
Resources
Standard
Victory
Conquest
Starting age
Dark Age
Ending age
Imperial Age
RankedLock teamsTeams togetherTeam positionsShared explorationLock speedFull tech treeHidden civsTurbo modeCheats
Victory
Defeat
🇲🇽 Burmese · Mexico
1329
+11
🇲🇽 Varangians · Mexico
1260
+14
🇷🇺 Berbers · Russia
1252
+15
🇲🇽 Mongols · Mexico
1231
+15
🇸🇪 Burgundians · Sweden
1331
-17
🇸🇪 Armenians · Sweden
1298
-17
🇸🇪 Malians · Sweden
1207
-13
🇸🇪 Danes · Sweden
1053
-8
[GDL] Maldito Pantoja
9:52 Loom
12:21 Feudal Age
16:44 Castle Age
14:43 Gold Mining
14:52 Horse Collar
14:58 Double-Bit Axe
edelaze
5:03 Loom
11:36 Feudal Age
15:59 Castle Age
13:51 Horse Collar
13:58 Double-Bit Axe
DSLG | Rommel
6:42 Loom
9:58 Feudal Age
11:10 Double-Bit Axe
Yoalliperro
7:02 Loom
9:36 Feudal Age
12:21 Fishing Lines
J.D.Rehn
12:19 Feudal Age
Peppe L-G
2:31 Double-Bit Axe
3:20 Loom
10:44 Feudal Age
9:56 Fishing Lines
11:19 Gillnets
11:46 Bow Saw
wmoloo
6:36 Loom
9:57 Feudal Age
11:13 Double-Bit Axe
15:11 Castle Age
12:37 Man-at-Arms
13:46 Horse Collar
johansoderstrom1
13:04 Feudal Age
Connection lost

Rejoining the realm…

Still unreachable

The connection could not be restored.

Session expired

The server has moved on; the page needs a fresh start.